 Dungeon Crawl Stone Soup version 0.29.1-1-gd02db6906a (console) character file.

Game seed: 13823286901198935958

472 om the Poker (level 7, 0/54 HPs)
             Began as a Merfolk Berserker on Sept 30, 2022.
             Was a Believer of Trog.
             Slain by an orc
             ... wielding a +0 halberd
              (12 damage)
             ... on level 4 of the Dungeon.
             The game lasted 00:10:06 (3481 turns).

om the Poker (Merfolk Berserker)                    Turns: 3481, Time: 00:10:07

Health: 0/54       AC:  3    Str: 20    XL:     7   Next: 9%
Magic:  7/7        EV: 14    Int:  6    God:    Trog [**....]
Gold:   103        SH:  3    Dex: 13    Spells: 6/6 levels left

rFire   . . .      SeeInvis .   a - +0 spear
rCold   . . .      Faith    .   p - +0 buckler
rNeg    . . .      Spirit   .   b - +0 animal skin
rPois   .          Reflect  .   (no helmet)
rElec   .          Harm     .   m - +0 cloak
rCorr   +          Rampage  .   (no gloves)
Will    .....                   (no boots)
Stlth   +.........              (no amulet)
HPRegen 0.18/turn               r - ring of resist corrosion
MPRegen 0.10/turn               (no ring)

@: on berserk cooldown, slowed, very slow
A: (nimble swimmer 2), mertail
a: Renounce Religion, Berserk, Trog's Hand


You were on level 4 of the Dungeon.
You worshipped Trog.
Trog was pleased with you.
You visited 1 branch of the dungeon, and saw 4 of its levels.

You collected 103 gold pieces.

Inventory:

Hand Weapons
 a - a +0 spear (weapon)
 f - a +2 dagger of venom
 j - a +0 scythe
Armour
 b - a +0 animal skin (worn)
 m - a +0 cloak (worn)
 p - a +0 buckler (worn)
Jewellery
 r - a ring of resist corrosion (left hand)
Wands
 q - a wand of polymorph (5)
Scrolls
 i - a scroll of magic mapping
 o - a scroll of fog
Potions
 g - a potion of brilliance
 h - 2 potions of flight
 n - a potion of ambrosia


   Skills:
 - Level 4.0 Fighting
 + Level 6.8 Polearms
 - Level 3.0 Armour
 - Level 6.0 Dodging


You had 6 spell levels left.
You didn't know any spells.
Your spell library was empty.

Dungeon Overview and Level Annotations

Branches:
Dungeon (4/15)             Temple (0/1) D:4

Altars:

Annotations:
D:3 Eustachio


Innate Abilities, Weirdness & Mutations

((You are very nimble when in or above water. (Stealth+, EV+, Speed+++)))
Your lower body shifts to a powerful aquatic tail in water.


Message History

Eustachio gestures wildly while chanting.
Eustachio blinks!
The bat hits you.
You feel a strong urge to attack something.
The bat hits you.
Eustachio casts a spell.
The bat completely misses you.
You barely miss the bat. The bat misses you. The ufetubus misses you.
The ufetubus barely misses you.
You hit the bat.
You kill the bat!
The bat's corpse disappears in a puff of smoke!
The ufetubus misses you. You block the ufetubus's attack.
The ufetubus disappears in a puff of smoke!
You feel a strong urge to attack something.
You are no longer berserk.
You are exhausted.
You feel yourself slow down.
There is a stone staircase leading down here.
Eustachio misses you.
You climb downwards.
There is a stone staircase leading up, spattered with blood here.
You start resting.
A gnoll is nearby!
A gnoll is nearby!
Aiming: Polymorph
Press: ? - help, Shift-Dir - straight line, f - gnoll
Aim: a gnoll, wielding a +0 halberd (will become a howler monkey, a dart slug, or an orc, chance to affect: 57%)
The gnoll evaporates and reforms as an orc!
The orc picks up a +0 halberd.
The orc wields a +0 halberd.
The orc picks up 2 lumpy sapphire potions.
The orc barely misses you.
The orc drinks a potion.
The orc flickers and vanishes!
Deactivating autopickup; reactivate with Ctrl-A.
You see here a +0 spear.
Something hits you. Something hits you.
* * * LOW HITPOINT WARNING * * *
Something hits you!
You die...

.. .. ... ..
###.###..#.
?..!......... #
.#......... ..#
........# ....
.#.....#
#....##.!....#
...>..{......#
##...$#@)###...
..#....#).<#
#.#..#..##
#...##...#
.J......#.#
###.#####.# #
..# ... ...


There were no monsters in sight!

Vanquished Creatures
  Sigmund (D:2)
  An orc priest (D:3)
  Crazy Yiuf (D:2)
  Natasha (thrice) (D:2)
  2 orc wizards
  An adder (D:2)
  3 gnolls
  2 worms (D:3)
  5 orcs
  5 ball pythons
  7 endoplasms
  2 giant cockroaches
  10 goblins
  8 hobgoblins
  8 jackals (D:1)
  5 quokkas
  6 bats
  2 frilled lizards (D:1)
  6 kobolds
  5 rats
83 creatures vanquished.

Notes
Turn   | Place    | Note
-------+----------+-------------------------------------------
     0 | D:1      | om the Merfolk Berserker began the quest for the Orb.
     0 | D:1      | Reached XP level 1. HP: 18/18 MP: 1/1
   171 | D:1      | Reached XP level 2. HP: 21/24 MP: 2/2
   472 | D:1      | Reached XP level 3. HP: 29/29 MP: 3/3
   782 | D:2      | Reached XP level 4. HP: 28/37 MP: 4/4
   787 | D:2      | Reached ** piety under Trog
  1001 | D:2      | Noticed Sigmund
  1017 | D:2      | Killed Sigmund
  1018 | D:2      | Reached skill level 5 in Polearms
  1018 | D:2      | Reached XP level 5. HP: 42/42 MP: 5/5
  1018 | D:2      | Reached XP level 6. HP: 48/48 MP: 6/6
  1229 | D:2      | Noticed Natasha
  1240 | D:2      | Killed Natasha
  1407 | D:2      | Noticed Natasha
  1417 | D:2      | Killed Natasha
  1418 | D:2      | Reached skill level 5 in Dodging
  1972 | D:2      | Found a runed translucent door.
  1973 | D:2      | Noticed Crazy Yiuf
  1982 | D:2      | Killed Crazy Yiuf
  2068 | D:2      | Noticed Natasha
  2072 | D:2      | Killed Natasha
  2111 | D:3      | Found a faded altar of an unknown god.
  2681 | D:3      | Reached XP level 7. HP: 54/54 MP: 7/7
  3350 | D:4      | Noticed Eustachio
  3424 | D:4      | Found a staircase to the Ecumenical Temple.
  3481 | D:4      | Slain by an orc

Illustrated notes

Levels and vault maps discovered:
D:1:      scummos_arrival_hexagon, layout_rooms, minmay_pentomino_s2
D:2:      layout_basic, uniq_sigmund, uniq_crazy_yiuf_cottage, uniq_natasha
D:3:      layout_basic, hellmonk_ecumenical_altar_lost_god
D:4:      layout_basic, minmay_temple_entry_mini_moons, dk_vineyard_3,
          chequers_serial_rivers_small_a, uniq_eustachio

Skill      XL: |  1  2  3  4  5  6  7 |
---------------+----------------------+-----
Dodging        | 3 4 5 6 |  6.0
Armour         | 2 3 |  3.0
Fighting       | 4 |  4.0
Polearms       | 5 6 |  6.8

Action                   |  1- 3 |  4- 6 |  7- 9 || total
-------------------------+-------+-------+-------++-------
Melee: Spear             |   111 |    64 |    60 ||   235
       Dagger            |    21 |       |       ||    21
       Punch             |     1 |       |       ||     1
       Halberd           |       |    56 |       ||    56
Invok: Berserk           |     2 |     3 |     4 ||     9
       Trog's Hand       |       |       |     1 ||     1
Evoke: Wand              |       |       |     1 ||     1
  Use: Scroll            |       |     5 |     4 ||     9
       Potion            |       |     1 |     2 ||     3
 Stab: Sleeping          |     1 |     2 |       ||     3
       Distracted        |     1 |       |       ||     1
Armor: Animal skin       |    25 |    13 |    11 ||    49
       Skin              |       |       |    41 ||    41
Dodge: Dodged            |    94 |    49 |    50 ||   193
Block: Buckler           |       |     4 |    12 ||    16
